AoeStats
← Calife Abu-bakr

Arabia

506673141Analyzed
1v1 RM · 18d ago on Sep 14, 2026· 53m 26s· 2 players
Game mode
Random Map
Map size
Tiny (2 player)
Population
200
Speed
Normal
Resources
Standard
Victory
Conquest
Starting age
Dark Age
Ending age
Imperial Age
RankedLock teamsTeams togetherTeam positionsShared explorationLock speedFull tech treeHidden civsTurbo modeCheats
Victory
Defeat
🇳🇱 Magyars · Netherlands
823
+15
🇲🇦 Bohemians · Morocco
809
-15
Calife Abu-bakr
6:06 Loom
10:56 Feudal Age
12:18 Double-Bit Axe
12:14 Horse Collar
19:43 Castle Age
18:49 Padded Archer Armor
22:19 Chemistry
22:06 Leather Archer Armor
33:47 Imperial Age
34:48 Pikeman
41:48 Hussite Reforms
45:34 Light Cavalry
fabberlaan
8:36 Loom
10:48 Feudal Age
18:20 Castle Age
17:34 Double-Bit Axe
18:04 Horse Collar
19:25 Scale Barding Armor
19:37 Heavy Plow
19:05 Light Cavalry
20:46 Bloodlines
26:03 Gold Mining
26:24 Husbandry
36:51 Chain Barding Armor
37:21 Heavy Plow
38:01 Fletching
38:12 Padded Archer Armor
39:23 Elite Skirmisher
42:04 Bodkin Arrow
42:25 Leather Archer Armor
44:41 Thumb Ring
46:26 Ballistics
Connection lost

Rejoining the realm…

Still unreachable

The connection could not be restored.

Session expired

The server has moved on; the page needs a fresh start.